 Dungeon Crawl Stone Soup version 0.24-a0-307-gf989941 (webtiles) character file.

Game seed: 16266661797951963131

36 mhoghedin the Ducker (level 3, 0/15 HPs)
             Began as a Felid Transmuter on May 13, 2019.
             Slain by a worker ant (7 damage)
             ... on level 2 of the Dungeon.
             The game lasted 00:02:27 (1456 turns).

mhoghedin the Ducker (Felid Transmuter)             Turns: 1456, Time: 00:02:27

Health: 0/15       AC:  1    Str: 11    XL:     3   Next: 19%
Magic:  15/16      EV: 19    Int: 15    God:
Gold:   42         SH:  0    Dex: 16    Spells: 5/6 levels left
                                        Lives:  0   Deaths: 0

rFire    . . .     SeeInvis +     - Unarmed
rCold    . . .     Gourm    .   (shield unavailable)
rNeg     . . .     Faith    .   (armour unavailable)
rPois    .         Spirit   .   (helmet unavailable)
rElec    .         Reflect  .   (cloak unavailable)
rCorr    .         Harm     .   (gloves unavailable)
MR       .....                  (boots unavailable)
Stlth    ++........             (no amulet)
HPRegen  0.05/turn              e - ring of magical power {MP+9}
MPRegen  0.15/turn              (no ring)

@: mighty, appendage, quick
A: very small, no armour, no weapons or thrown items, stealth, claws 1, fangs 3,
horns 2, see invisible, carnivore, speed 1, shaggy fur 1, slow metabolism 1,
sharp paws
a: End Transformation


You were on level 2 of the Dungeon.
You were very full.
You had grown temporary horns.
You visited 1 branch of the dungeon, and saw 2 of its levels.

You collected 42 gold pieces.

Inventory:

Missiles
 a - 12 arrows
Jewellery
 e - a ring of magical power (left paw) {MP+9}
   (You found it on level 1 of the Dungeon)
 i - an uncursed ring of fire {unknown}
   (You found it on level 2 of the Dungeon)
Scrolls
 b - a scroll of teleportation {unknown}
 g - a scroll of amnesia {unknown}
Potions
 d - 3 potions of curing
 f - a potion of might
Comestibles
 c - 4 rations


   Skills:
 + Level 1.6 Fighting
 + Level 3.7 Dodging
 + Level 3.5 Unarmed Combat
 - Level 2.0 Spellcasting
 - Level 2.1 Transmutations


You had 5 spell levels left.
You knew the following spells:

 Your Spells              Type           Power        Failure   Level  Hunger
a - Beastly Appendage     Tmut           #.....       9%          1    #......

Your spell library contained the following spells:

 Spells                   Type           Power        Failure   Level  Hunger
 Sticks to Snakes         Tmut           #.......     14%         2    ###....
 Spider Form              Tmut/Pois      #.........   38%         3    ###....
 Ice Form                 Ice/Tmut       #.......     80%         4    #####..
 Blade Hands              Tmut           #.........   94%         5    ######.


Dungeon Overview and Level Annotations

Branches:
Dungeon (2/15)

Altars:
Okawaru


Innate Abilities, Weirdness & Mutations

You cannot wear armour.
You are incapable of wielding weapons or throwing items.
Your paws allow you to move quietly. (Stealth)
You have sharp claws.
You have razor-sharp teeth.
You have supernaturally acute eyesight. (SInv)
You are carnivorous and can eat meat at any time.
You cover ground quickly.
You are covered in fur. (AC +1)
You have a slow metabolism.
Your sharp claws are effective at attacking unaware monsters.
You have a pair of horns on your head.


Message History

You scratch the quokka.
You headbutt the quokka, but do no damage.
The quokka closely misses you.
Health restored: 15 You scratch the quokka but do no damage.
The bat barely misses you. The quokka closely misses you.
You scratch the quokka but do no damage.
You headbutt the quokka, but do no damage.
The bat misses you. The quokka closely misses you.
You scratch the quokka.
You kill the quokka!
The bat barely misses you. The bat hits you.
You take 1 damage, and have 14/15 hp.
MP restored: 16 The bat misses you. The bat misses you.
The bat completely misses you.
You scratch the bat but do no damage.
Your horns disappear.
The leopard gecko hisses angrily.
The bat hits you but does no damage. The bat closely misses you.
The bat misses you.
You closely miss the leopard gecko. Your bite misses the leopard gecko.
The bat barely misses you. The leopard gecko barely misses you.
You barely miss the leopard gecko. The bat closely misses you.
The leopard gecko bites you but does no damage.
Your magical contamination has completely faded away.
You scratch the leopard gecko. The bat misses you.
The leopard gecko barely misses you.
You closely miss the leopard gecko. The bat closely misses you.
The leopard gecko completely misses you.
You scratch the leopard gecko.
You kill the leopard gecko!
The bat closely misses you. The bat barely misses you.
You see here a leopard gecko corpse.
The bat barely misses you.
You miss the bat. Your claw misses the bat. The bat barely misses you.
The bat hits you. The bat misses you. The bat misses you.
You take 1 damage, and have 13/15 hp.
You miss the bat. The bat closely misses you. The bat hits you.
You take 1 damage, and have 13/15 hp.
You closely miss the bat. The bat completely misses you.
You miss the bat. The bat completely misses you. The bat completely misses you.
The bat completely misses you.
You scratch the bat.
You kill the bat!
No target in view!
No target in view!
No target in view!
No target in view!
No target in view!
No target in view!
No target in view!
No target in view!
No target in view!
No target in view!
No target in view!
No target in view!
No target in view!
No target in view!
No target in view!
No target in view!
A worker ant comes into view.
You grow a pair of large bovine horns.
The worker ant twitches its antennae in your direction.
You now have 15/16 mp.
Your transformation is almost over.
The worker ant bites you.
You take 2 damage, and have 11/15 hp.
You scratch the worker ant. The worker ant bites you.
You are lethally poisoned!
The worker ant poisons you!
You take 4 damage, and have 7/15 hp.
MASSIVE DAMAGE!!
It was a potion of curing.
You feel better. The worker ant misses you.
Health restored: 15 You don't know that spell.
Unknown command.
MP restored: 16 Your horns disappear.
You see here a bat corpse.
It was a potion of might.
You feel very mighty all of a sudden. The worker ant completely misses you.
You grow a pair of large bovine horns.
The worker ant bites you!
Ouch! That really hurt!
You take 8 damage, and have 7/15 hp.
MASSIVE DAMAGE!!
You now have 15/16 mp.
You barely miss the worker ant. Your headbutt misses the worker ant.
Your bite misses the worker ant. The worker ant closely misses you.
You scratch the worker ant. The worker ant bites you!
You die...

........##..........##†.....#
.######..#..........#....####
........................##
.########.....#........## ##
##...#≈#....#### #######.####
#.# #a# #@# #.# #.# #.. ###


You could see a worker ant.

Vanquished Creatures
  A worm (D:2)
  A dart slug (D:1)
  A leopard gecko (D:2)
  4 bats
  3 giant cockroaches (D:1)
  5 goblins
  4 hobgoblins
  A quokka (D:2)
  5 frilled lizards
  A kobold (D:1)
  2 rats
28 creatures vanquished.

Notes
Turn   | Place    | Note
-------+----------+-------------------------------------------
     0 | D:1      | mhoghedin the Felid Transmuter began the quest for the Orb.
     0 | D:1      | Reached XP level 1. HP: 9/9 MP: 4/4
    89 | D:1      | Reached skill level 3 in Dodging
   230 | D:1      | Reached XP level 2. HP: 12/12 MP: 4/6
  1111 | D:2      | Found an iron altar of Okawaru.
  1328 | D:2      | Reached XP level 3. HP: 15/15 MP: 7/7
  1456 | D:2      | Slain by a worker ant

Levels and vault maps discovered:
D:1:      dpeg_arrival_water_altar, layout_basic
D:2:      layout_basic, chequers_temple_overflow_statue_of_worship,
          kennysheep_decorative_pillar, okawaru_ov_weapons_minmay, uniq_jessica

Skill      XL: |  1 |
---------------+----+-----
Dodging        | 3 |  3.7
Fighting       | |  1.6
Unarmed Combat | |  3.5
Spellcasting   | |  2.0
Transmutations | |  2.1

Action                   || total
-------------------------++-------
Melee: Unarmed           ||    77
       Bite              ||     4
       Headbutt          ||     7
       Punch             ||     2
 Cast: Beastly Appendage ||    18
  Use: Potion            ||     2
 Stab: Sleeping          ||     3
  Eat: Chunk             ||     8
Armor: Skin              ||     4
Dodge: Dodged            ||    87

Table legend:
 A = Non-vault XP
 B = Vault XP
 C = Vault XP percentage of total XP
 D = Non-vault monster count
 E = Vault monster count
 F = Vault count percentage of total count
                 A         B        C        D         E       F
            +---------+---------+-------+---------+---------+-------
      Total |      52 |       0 |   0.0 |      28 |       0 |   0.0
            +---------+---------+-------+---------+---------+-------
        D:1 |      30 |       0 |   0.0 |      17 |       0 |   0.0
        D:2 |      22 |       0 |   0.0 |      11 |       0 |   0.0
            +---------+---------+-------+---------+---------+-------

Levels and vault maps discovered:
D:1:      dpeg_arrival_water_altar, layout_basic
D:2:      layout_basic, chequers_temple_overflow_statue_of_worship,
          kennysheep_decorative_pillar, okawaru_ov_weapons_minmay, uniq_jessica

Table legend:
 A = Turns spent in this place as a percentage of turns spent in the entire game.
 B = Non-inter-level travel turns spent in this place as a percentage of non-inter-level travel turns spent in the entire game.
 C = Inter-level travel turns spent in this place as a percentage of turns spent in this place.
 D = Turns resting spent in this place as a percentage of non-inter-level travel turns spent in this place.
 E = Turns spent auto-exploring this place as a percentage of non-inter-level travel turns spent in this place.
 F = Non-inter-level travel turns spent in this place divided by the number of levels of this place that you've seen.
                   A       B       C       D       E      F
               +-------+-------+-------+-------+-------+----------------------
         Total | 100.0 | 100.0 |   1.3 |  26.3 |  55.8 | 718.5
       Dungeon | 100.0 | 100.0 |   1.3 |  26.3 |  55.8 | 718.5
               +-------+-------+-------+-------+-------+----------------------

Table legend:
 A = Kills in this place as a percentage of kills in entire the game.
 B = Kills by you in this place as a percentage of kills by you in the entire game.
 C = Kills by friends in this place as a percentage of kills by friends in the entire game.
 D = Other kills in this place as a percentage of other kills in the entire game.
 E = Experience gained in this place as a percentage of experience gained in the entire game.
 F = Experience gained in this place divided by the number of levels of this place that you have seen.
                   A       B       C       D       E      F
               +-------+-------+-------+-------+-------+----------------------
         Total | 100.0 | 100.0 |   N/A |   N/A | 100.0 |  26.0
       Dungeon | 100.0 | 100.0 |   N/A |   N/A | 100.0 |  26.0
               +-------+-------+-------+-------+-------+----------------------
